 Dungeon Crawl Stone Soup version 0.20.1-1-g8b1a95d (webtiles) character file.

192 Nattfarinn the Skirmisher (level 6, 0/49 HPs)
             Began as a Formicid Abyssal Knight on Sept 29, 2017.
             Was a Believer of Lugonu.
             Slain by an orc wizard
             ... wielding a +0 dagger
              (5 damage)
             ... on level 3 of the Dungeon.
             The game lasted 00:04:35 (2884 turns).

Nattfarinn the Skirmisher (Formicid Abyssal Knight) Turns: 2884, Time: 00:04:35

Health: 0/49       AC:  3    Str: 17    XL:     6   Next: 2%
Magic:  7/7        EV: 12    Int: 11    God:    Lugonu [**....]
Gold:   101        SH:  0    Dex: 12    Spells: 5/5 levels left

rFire    . . .     SeeInvis +   a - +1 mace
rCold    . . .     Gourm    .   (no shield)
rNeg     . . .     Faith    .   b - +0 leather armour
rPois    .         Spirit   .   (helmet unavailable)
rElec    .         Reflect  .   (no cloak)
rCorr    .         Harm     .   (no gloves)
MR       .....                  (no boots)
Stlth    +.........             (no amulet)
Regen    0.2/turn               (no ring)
MPRegen  0.1/turn               (no ring)

@: no status effects
A: permanent stasis, dig shafts and tunnels, four strong arms, antennae 3
a: Dig, Shaft Self, Depart the Abyss, Bend Space, Renounce Religion


You were on level 3 of the Dungeon.
You worshipped Lugonu.
Lugonu was pleased with you.
You were not hungry.

You visited 1 branch of the dungeon, and saw 3 of its levels.
You visited the Abyss 1 time.

You collected 101 gold pieces.

Inventory:

Hand Weapons
 a - a +1 mace (weapon)
Missiles
 j - 23 bolts
 t - 32 sling bullets
 u - 13 poisoned needles
Armour
 b - a +0 leather armour (worn)
Jewellery
 s - a +1 ring of evasion {unknown}
Scrolls
 d - 3 scrolls of remove curse {unknown}
 e - a scroll of identify {unknown}
 f - 4 scrolls of teleportation {unknown}
 g - a scroll of fear {unknown}
 h - a scroll of recharging {unknown}
 q - a scroll of fog {unknown}
 r - a scroll of immolation {unknown}
Potions
 l - a potion of invisibility {unknown}
 m - a potion of mutation {unknown}
 o - a potion of flight {unknown}
 p - a potion of curing {unknown}
 v - 2 potions of magic {unknown}
Comestibles
 c - a bread ration
 i - 2 fruits
 n - a royal jelly


   Skills:
 * Level 4.7 Fighting
 + Level 3.5 Maces & Flails
 * Level 3.5 Armour
 + Level 1.7 Dodging
 - Level 2.1 Invocations


You had 5 spell levels left.
You didn't know any spells.

Dungeon Overview and Level Annotations

Branches:
Dungeon (3/15)

Altars:

Annotations:
D:3 letownia's ghost, amateur OpTm


Innate Abilities, Weirdness & Mutations

You cannot be hasted, slowed, berserked, paralysed or teleported.
You can dig through walls and to a lower floor.
Your four strong arms can wield two-handed weapons with a shield.
You have a pair of large antennae on your head. (SInv)


Message History

You hit the orc wizard.
The orc wizard is moderately wounded.
The orc wizard casts a cantrip, but nothing happens.
The orc wizard gestures at you while chanting.
The puff of frost hits you!
* * * LOW HITPOINT WARNING * * *
You hit the orc wizard.
The orc wizard is heavily wounded.
The orc wizard begins to cast a cantrip, but forgets the words!
The orc wizard hits you with a dagger.
* * * LOW HITPOINT WARNING * * *
You hit the orc wizard but do no damage.
The orc wizard is heavily wounded.
The orc wizard gestures wildly while chanting.
The orc wizard seems to speed up.
The orc wizard casts a spell at you. The puff of frost hits you!
* * * LOW HITPOINT WARNING * * *
The orc wizard hits you with a dagger.
You die...

#.#### #.#..#
.#.#..#
######.#.#..# #
..#.. #.#..###
####.#.#.# #.#<...#
#....#.#†###.####.#
+.....o.oo@.>.....#
#.#.##.#.###.######
#.{o(#.# #.#
{#{####.# #.#


ooooo{ #.###.# .oo{{{{ #...#.# .....{{{ ###.#.# ....... #.#.# .....#. #.#.## You
could see 2 orc wizards and an orc.

Vanquished Creatures
  Natasha (thrice) (D:3 D:2)
  A gnoll (D:1)
  6 adders
  2 worms (D:2)
  3 dart slugs
  2 leopard geckos (D:2)
  6 bats
  A giant cockroach (D:2)
  2 hobgoblins (D:1)
  2 jackals (D:1)
  5 kobolds
  A quokka (D:2)
  A ball python (D:1)
  3 frilled lizards
  6 goblins
  7 rats
51 creatures vanquished.

Notes
Turn   | Place    | Note
-------+----------+-------------------------------------------
     0 | Abyss:1  | Nattfarinn the Formicid Abyssal Knight began the quest for the Orb.
     0 | Abyss:1  | Reached XP level 1. HP: 18/18 MP: 2/2
     0 | D:1      | Escaped the Abyss
    15 | D:1      | Reached skill level 1 in Dodging
    16 | D:1      | Reached * piety under Lugonu
    83 | D:1      | Reached XP level 2. HP: 10/24 MP: 3/3
   576 | D:1      | Reached XP level 3. HP: 22/30 MP: 4/4
   640 | D:1      | Reached skill level 4 in Fighting
  1100 | D:2      | Reached XP level 4. HP: 26/37 MP: 5/5
  1365 | D:2      | Reached ** piety under Lugonu
  1729 | D:2      | Reached XP level 5. HP: 21/42 MP: 6/6
  1961 | D:3      | Noticed Natasha
  1971 | D:3      | Killed Natasha
  2159 | D:3      | Noticed Natasha
  2495 | D:3      | Noticed letownia's ghost (amateur OpTm)
  2502 | D:2      | Killed Natasha
  2559 | D:2      | Noticed Natasha
  2568 | D:2      | Killed Natasha
  2865 | D:3      | Reached XP level 6. HP: 31/49 MP: 7/7
  2884 | D:3      | Slain by an orc wizard

Skill      XL: |  1  2  3  4 |
---------------+-------------+-----
Dodging        | 1 |  1.7
Fighting       | 4 |  4.7
Armour         | 3 |  3.5
Maces & Flails | 3 |  3.5
Invocations    | |  2.1

Action                   |  1- 3 |  4- 6 || total
-------------------------+-------+-------++-------
Melee: Mace              |   103 |   124 ||   227
Invok: Depart the Abyss  |     1 |       ||     1
  Use: Potion            |       |     1 ||     1
  Eat: Chunk             |       |     2 ||     2
       Meat ration       |       |     1 ||     1
Armor: Leather armour    |    27 |    32 ||    59
Dodge: Dodged            |    69 |    95 ||   164
